 Dungeon Crawl Stone Soup version 0.29.0-15-g675c0067aa (webtiles) character file.

Game seed: 15082243365563273015

43 gelatine the Chopper (level 3, -7/33 HPs)
             Began as a Minotaur Berserker on Sept 12, 2022.
             Was a Believer of Trog.
             Mangled by Sigmund
             ... wielding a +0 scythe
              (9 damage)
             ... on level 2 of the Dungeon.
             The game lasted 00:02:48 (1606 turns).

gelatine the Chopper (Minotaur Berserker)           Turns: 1606, Time: 00:02:49

Health: -7/33      AC:  2    Str: 23    XL:     3   Next: 37%
Magic:  2/2        EV: 12    Int:  4    God:    Trog [**....]
Gold:   68         SH:  0    Dex:  9    Spells: 2/2 levels left

rFire   . . .      SeeInvis .   a - +0 hand axe
rCold   . . .      Faith    .   (no shield)
rNeg    . . .      Spirit   .   b - +0 animal skin
rPois   .          Reflect  .   (helmet restricted)
rElec   .          Harm     .   (no cloak)
rCorr   .          Rampage  .   (no gloves)
Will    .....                   (no boots)
Stlth   +.........              (no amulet)
HPRegen 0.11/turn               (no ring)
MPRegen 0.08/turn               (no ring)

@: no status effects
A: horns 2, retaliatory headbutt
a: Renounce Religion, Berserk, Trog's Hand


You were on level 2 of the Dungeon.
You worshipped Trog.
Trog was pleased with you.
You visited 1 branch of the dungeon, and saw 2 of its levels.

You collected 68 gold pieces.

Inventory:

Hand Weapons
 a - a +0 hand axe (weapon)
Missiles
 c - 5 javelins (quivered)
Armour
 b - a +0 animal skin (worn)
Jewellery
 k - an amulet of magic regeneration
Scrolls
 d - a scroll of fear {unknown}
 e - a scroll of summoning {unknown}
 i - a scroll of poison {unknown}
 j - a scroll of teleportation {unknown}
 l - a scroll of acquirement {unknown}
 m - a scroll of enchant weapon {unknown}
Potions
 f - a potion of haste {unknown}
 g - 2 potions of curing {unknown}
 h - 2 potions of might {unknown}


   Skills:
 + Level 4.2 Fighting
 + Level 4.5 Axes
 + Level 2.8 Armour
 + Level 2.4 Dodging
 + Level 0.1 Stealth


You had 2 spell levels left.
You didn't know any spells.
Your spell library was empty.

Dungeon Overview and Level Annotations

Branches:
Dungeon (2/15)

Altars:

Shops:
D:2 (

Annotations:
D:2 Sigmund


Innate Abilities, Weirdness & Mutations

You have a pair of horns on your head.
You reflexively headbutt those who attack you in melee.


Message History

A hobgoblin comes into view.
Sigmund casts a spell.
Sigmund flickers and vanishes!
Deactivating autopickup; reactivate with Ctrl-A.
Found Mosa Woprumo's Antique Weapon Emporium.
The hobgoblin shouts!
Something hits you!
Found a scroll labelled FUKLIATULI.
The hobgoblin misses you. The dart slug launches a dart at you.
The slug dart misses you. Something hits you.
You miss something. You headbutt something. You closely miss the hobgoblin.
The hobgoblin misses you.
You barely miss something. Your headbutt misses something.
You barely miss the hobgoblin.
You hear some strange, mumbled words.
A puff of flame appears from out of thin air!
The puff of flame misses you. The hobgoblin closely misses you.
You furiously retaliate!
You headbutt the hobgoblin!
You kill the hobgoblin!
Trog accepts your kill.
You miss something. Something hits you!
You barely miss something. Something hits you.
* * * LOW HITPOINT WARNING * * *
Unknown command.
You hit something. Your headbutt misses something.
You hit something but do no damage. You hit the dart slug.
Something hits you but does no damage. The dart slug launches a dart at you.
The slug dart misses you.
You hit something. You slash the dart slug!
You kill the dart slug!
Trog accepts your kill.
You can now call upon Trog for regeneration and willpower.
Something hits you but does no damage.
You miss something. Something hits you.
* * * LOW HITPOINT WARNING * * *
You hit something but do no damage. You hit something.
Your headbutt misses something. Something barely misses you.
You miss something. Something hits you!
You die...

#.# #.# ###
......## #.# #.#
#.. .......# #.#
#.# #..... ## #.#
#.# #....#..
#.###.###.#.. .
#.....)...#.#.#
#####.###.#∩#.###
#.# #$.†....# #.#
###@....# #.#
##{...# #.. ....#
### .#..# .?....
.. ...# ... ...
... ..#


There were no monsters in sight!

Vanquished Creatures
  2 worms (D:2)
  2 dart slugs (D:2)
  3 endoplasms (D:1)
  A goblin (D:2)
  2 hobgoblins
  3 jackals (D:1)
  4 kobolds
  2 quokkas
  6 ball pythons (D:1)
  3 frilled lizards (D:1)
  2 rats (D:1)
30 creatures vanquished.

Vanquished Creatures (others)
  4 plants (D:2)
4 creatures vanquished.

Grand Total: 34 creatures vanquished

Notes
Turn   | Place    | Note
-------+----------+-------------------------------------------
     0 | D:1      | gelatine the Minotaur Berserker began the quest for the
                  | Orb.
     0 | D:1      | Reached XP level 1. HP: 19/19 MP: 0/0
   210 | D:1      | Found a faded altar of an unknown god.
   633 | D:1      | Reached XP level 2. HP: 25/27 MP: 1/1
  1315 | D:2      | Reached XP level 3. HP: 18/33 MP: 2/2
  1591 | D:2      | Noticed Sigmund
  1594 | D:2      | Found Mosa Woprumo's Antique Weapon Emporium.
  1602 | D:2      | Reached ** piety under Trog
  1603 | D:2      | HP: 1/33 [something (3)]
  1606 | D:2      | Mangled by Sigmund

Illustrated notes

Levels and vault maps discovered:
D:1:      saegor_arrival_simple_e, layout_basic,
          chequers_ecumenical_altar_simple_redux, minmay_octomino_e4
D:2:      layout_loops_ring, basic_altar, serial_shops,
          nicolae_shop_behind_doors, nicolae_shop_bloodbath_and_beyond, shop,
          serial_forest, infiniplex_forest_lined_1,
          infiniplex_forest_lined_4_way, infiniplex_forest_clump_small,
          infiniplex_forest_end_double, infiniplex_forest_end_3,
          infiniplex_forest_lined_room_3, uniq_robin, uniq_sigmund

Skill      XL: |  1  2 |
---------------+-------+-----
Axes           | 4 |  4.5
Fighting       | 4 |  4.2
Armour         | |  2.8
Dodging        | |  2.4
Stealth        | |  0.1

Action                   || total
-------------------------++-------
Melee: Hand axe          ||    70
       Headbutt          ||     9
 Stab: Sleeping          ||     2
Armor: Animal skin       ||    10
Dodge: Dodged            ||    55
